 Dungeon Crawl Stone Soup version 0.29-a0-557-g43b9904bd1 (webtiles) character file.

Game seed: 10764133047402721747

24 RancidPinata the Cudgeller (level 3, -2/22 HPs)
             Began as a Gargoyle Gladiator on June 8, 2022.
             Slain by a scorpion (6 damage)
             ... on level 2 of the Dungeon.
             The game lasted 00:04:35 (2022 turns).

RancidPinata the Cudgeller (Gargoyle Gladiator)     Turns: 2022, Time: 00:04:35

Health: -2/22      AC:  7    Str: 19    XL:     3   Next: 2%
Magic:  3/3        EV: 12    Int:  8    God:
Gold:   55         SH:  0    Dex: 11    Spells: 2/2 levels left

rFire   . . .      SeeInvis .   a - +0 flail
rCold   . . .      Faith    .   (no shield)
rNeg    + . .      Spirit   .   b - +0 leather armour
rPois   ∞          Reflect  .   c - +0 helmet
rElec   +          Harm     .   (no cloak)
rCorr   .          Rampage  .   (no gloves)
Will    .....                   (no boots)
Stlth   +.........              (no amulet)
HPRegen 0.07/turn               (no ring)
MPRegen 0.08/turn               (no ring)

@: flying
A: sickness immunity, AC +3, negative energy resistance 1, electricity
resistance, torment resistance 1, petrification resistance
a: no special abilities


You were on level 2 of the Dungeon.
You visited 1 branch of the dungeon, and saw 5 of its levels.

You collected 55 gold pieces.

Inventory:

Hand Weapons
 a - a +0 flail (weapon)
 i - a +1 dagger of venom
Missiles
 d - 3 throwing nets (quivered)
 e - 3 javelins
 f - 58 stones
Armour
 b - a +0 leather armour (worn)
 c - a +0 helmet (worn)
Scrolls
 k - a scroll of enchant armour {unknown}
 l - a scroll of summoning {unknown}
 m - a scroll of noise {unknown}
Potions
 g - a potion of cancellation


   Skills:
 * Level 2.8 Fighting
 * Level 3.3 Maces & Flails
 + Level 2.0 Throwing
 + Level 2.6 Dodging


You had 2 spell levels left.
You didn't know any spells.
Your spell library contained the following spells:

 Spells                   Type           Power      Damage    Failure   Level
 Summon Guardian Golem    Hex/Summ       0%         N/A       83%         3
 Orb of Destruction       Conj           0%         9d5       100%        7
 Spellforged Servitor     Conj/Summ      0%         N/A       100%        7


Dungeon Overview and Level Annotations

Branches:
Dungeon (5/15)
 Temple: D:4-7

Altars:


Innate Abilities, Weirdness & Mutations

You are immune to sickness and miasma.
Your stone body is resilient. (AC +3)
You are immune to poison.
You resist negative energy. (rN+)
You are resistant to electric shocks. (rElec)
You are resistant to unholy torment.
You are immune to petrification.


Message History

The scorpion attacks as you move away!
The scorpion stings you but does no damage.
The scorpion attacks as you move away! The scorpion closely misses you.
There is an escape hatch in the ceiling here.
The scorpion stings you but does no damage.
A mysterious force pulls you upwards. The hatch slams shut behind you.
The scorpion barely misses you. The scorpion attacks as you move away!
The scorpion stings you. The scorpion stings you.
The scorpion attacks as you move away!
The scorpion stings you but does no damage.
The scorpion completely misses you. The scorpion attacks as you move away!
The scorpion stings you but does no damage.
The scorpion attacks as you move away! The scorpion stings you. x2
There is a stone staircase leading up here.
The scorpion closely misses you.
You climb upwards.
There is a stone staircase leading down here.
As you read the scroll labelled FUNKEI EG VOTI, it crumbles to dust.
It is a scroll of identify.
g - a potion of cancellation The scorpion stings you but does no damage.
It was a potion of flight.
You feel very buoyant.
You fly up into the air.
The scorpion barely misses you. The scorpion misses you.
The scorpion misses you. The scorpion attacks as you move away!
The scorpion stings you but does no damage.
The scorpion attacks as you move away! The scorpion closely misses you.
The scorpion attacks as you move away! The scorpion completely misses you.
The scorpion misses you. The scorpion attacks as you move away!
The scorpion stings you but does no damage.
The scorpion stings you. The scorpion attacks as you move away!
The scorpion stings you.
* * * LOW HITPOINT WARNING * * *
The scorpion attacks as you move away! The scorpion stings you.
You die...

########## #........#
#.######.#
######.######.# ##
#..........##.# ##.#
#.####.###.##.#
#.##...##.# #.# #.##.#
........>.####.###.##.##
.###...####....@s......#
##.# #.##.###.###.# #.
#.##.# #.# #.# #
#.##.###.# #.# ##+#
#.##.....# #.# ##...##
#.##.###.# #.#
##.....###........# #.#
##.......##.......####.#
#.........#............#


You could see a scorpion.

Vanquished Creatures
  A worm (D:2)
  3 endoplasms (D:1)
  A goblin (D:1)
  A hobgoblin (D:1)
  2 jackals (D:1)
  3 kobolds (D:1)
  4 ball pythons
  2 bats (D:1)
  3 rats
20 creatures vanquished.

Vanquished Creatures (others)
  A plant (D:3)
1 creature vanquished.

Grand Total: 21 creatures vanquished

Notes
Turn   | Place    | Note
-------+----------+-------------------------------------------
     0 | D:1      | RancidPinata the Gargoyle Gladiator began the quest for the
                  | Orb.
     0 | D:1      | Reached XP level 1. HP: 12/12 MP: 1/1
   462 | D:1      | Reached XP level 2. HP: 14/18 MP: 2/2
  1860 | D:2      | Reached XP level 3. HP: 15/22 MP: 3/3
  1962 | D:5      | Entered Level 5 of the Dungeon
  1968 | D:5      | Noticed a scorpion
  2022 | D:2      | Slain by a scorpion

Illustrated notes

Levels and vault maps discovered:
D:1:      dpeg_arrival_snail, layout_loops_corners
D:2:      layout_loops_corners, uniq_terence
D:3:      layout_basic, serial_bayou_lagoon_a, uniq_sigmund
D:4:      layout_layer_cave, minmay_temple_entry_large_hall, uniq_robin
D:5:      layout_gridville, ebering_ghost_sewer_d, uniq_eustachio, uniq_pikel

Skill      XL: |  1  2 |
---------------+-------+-----
Throwing       | 2 |  2.0
Fighting       | |  2.8
Maces & Flails | |  3.3
Dodging        | |  2.6

Action                   || total
-------------------------++-------
Melee: Flail             ||    70
       Punch             ||     2
  Use: Scroll            ||     1
       Potion            ||     1
 Stab: Sleeping          ||     2
Armor: Leather armour    ||    40
Dodge: Dodged            ||    59

Table legend: (Time is in decaauts)
 A = Elapsed time spent in this place.
 B = Non-inter-level travel time spent in this place.
 C = Inter-level travel time spent in this place.
 D = Time resting spent in this place.
 E = Time spent auto-exploring this place.
 F = Levels seen in this place.
 G = Mean time per level.
                   A        B        C        D        E       F      G
               +--------+--------+--------+--------+--------+-----+--------+
         Total |   2039 |   1942 |     97 |    746 |    817 |   5 |  407.8 |
       Dungeon |   2039 |   1942 |     97 |    746 |    817 |   5 |  407.8 |
               +--------+--------+--------+--------+--------+-----+--------+

Top non-repeatable levels by time:
     D:1: 1745 daAuts
     D:2: 239 daAuts
     D:3: 26 daAuts
     D:4: 17 daAuts
     D:5: 10 daAuts
